 Dungeon Crawl Stone Soup version 0.27.1-3-gb3d3a73c9e (webtiles) character file.

Game seed: 9154151231423975865

49737 Urokeeper the Bludgeoner (level 14, -5/120 (126) HPs)
             Began as a Minotaur Berserker on Oct 28, 2021.
             Was a Priest of Trog.
             Slain by an orc knight (41 damage)
             ... while paralysed by an orc sorcerer
             ... on level 2 of the Orcish Mines.
             The game lasted 00:44:59 (24474 turns).

Urokeeper the Bludgeoner (Minotaur Berserker)      Turns: 24474, Time: 00:44:59

HP:   -5/120 (126)  AC: 22    Str: 31    XL:     14   Next: 17%
MP:   13/13         EV:  2    Int:  4    God:    Trog [***...]
Gold: 177           SH:  0    Dex: 10    Spells: 13/13 levels left

rFire    + . .     SeeInvis .   I - +5 demon whip (venom)
rCold    . . .     Faith    +   L - +0 kite shield
rNeg     . . .     Spirit   .   U - +0 plate armour {rF+}
rPois    +         Reflect  .   (helmet restricted)
rElec    +         Harm     .   (no cloak)
rCorr    .         Rampage  .   J - +2 pair of gloves
Will     +....                  (no boots)
Stlth    ..........             s - amulet "Gimionk" {Faith rElec Str+4}
HPRegen  0.30/turn              n - +4 ring of protection
MPRegen  0.13/turn              M - ring of poison resistance

@: paralysed, on berserk cooldown, slowed, lightly drained
A: horns 2, retaliatory headbutt
a: Renounce Religion, Berserk, Trog's Hand


You were on level 2 of the Orcish Mines.
You worshipped Trog.
Trog was most pleased with you.
You visited 3 branches of the dungeon, and saw 20 of its levels.

You collected 1248 gold pieces.
You spent 1071 gold pieces at shops.

Inventory:

Hand Weapons
 I - a +5 demon whip of venom (weapon)
Missiles
 c - 2 atropa-tipped darts
 j - 2 throwing nets
Armour
 u - a +1 ring mail of positive energy
 J - a +2 pair of gloves (worn)
 L - a +0 kite shield (worn)
 U - a +0 plate armour of fire resistance (worn)
Jewellery
 h - an amulet of magic regeneration
 k - a ring of see invisible
 n - a +4 ring of protection (left hand)
 s - the amulet "Gimionk" (around neck) {Faith rElec Str+4}
   (You bought it in a shop on level 11 of the Dungeon)

   [amulet of faith]

   It allows you to gain divine favour quickly.
   Str:       It affects your strength (+4).
   rElec:     It insulates you from electricity.
 B - an amulet of faith
 H - a +6 ring of intelligence
 M - a ring of poison resistance (right hand)
 R - a ring of protection from cold
 T - a +4 ring of protection
Wands
 a - a wand of flame (34)
 r - a wand of polymorph (15)
 y - a wand of iceblast (12)
 E - a wand of paralysis (4)
 K - a wand of acid (8)
Scrolls
 d - 3 scrolls of fog
 e - a scroll of holy word
 f - a scroll of fear
 l - a scroll of vulnerability
 m - a scroll of enchant weapon
 o - 2 scrolls of blinking
 p - 2 scrolls of teleportation
 t - a scroll of silence
 w - a scroll of magic mapping
 A - a scroll of summoning
 G - a scroll of immolation
 N - 2 scrolls of enchant armour
Potions
 b - 2 potions of haste
 g - 2 potions of ambrosia
 i - 4 potions of brilliance
 v - a potion of berserk rage
 x - 2 potions of flight {unknown}
 z - 3 potions of heal wounds {unknown}
 C - a potion of mutation {unknown}
 D - 7 potions of curing
 F - 2 potions of magic {unknown}
 O - 3 potions of lignification {unknown}
 S - a potion of degeneration {unknown}
Miscellaneous
 P - a phantom mirror (quivered)
 Q - a lightning rod (4/4)


   Skills:
 * Level 12.2 Fighting
 - Level 5.2(13.4) Axes
 + Level 18.6(18.8) Maces & Flails
 * Level 11.9 Armour
 + Level 8.2 Dodging
 * Level 11.2 Shields


You had 13 spell levels left.
You didn't know any spells.
Your spell library was empty.

Dungeon Overview and Level Annotations

Branches:
Dungeon (13/15)            Temple (0/1) D:6            Lair (5/6) D:10
 Shoals (0/4) Lair:2        Snake (0/4) Lair:4          Orc (2/2) D:12
    Elf (0/3) Orc:2
  Slime: Lair:5-6    Vaults: D:13-14

Altars:
Cheibriados
Fedhas
Gozag
Hepliaklqana
Vehumet

Shops:
D:2 (   D:8 ?   D:11 =   Orc:2 =

Annotations:
D:5 2 transporters, horus123's ghost, novice HuGl


Innate Abilities, Weirdness & Mutations

You have a pair of horns on your head.
You reflexively headbutt those who attack you in melee.


Message History

Items here: )) [[.
A red film seems to cover your vision as you go berserk!
You feel yourself moving faster!
You feel mighty!
The orc sorcerer points at you and mumbles some strange words.
You resist with some effort. You block the orc knight's attack.
You feel a strong urge to attack something.
You whack the orc knight!
You headbutt the orc knight, but do no damage.
The orc knight is lightly wounded.
You block the orc knight's attack.
You thrash the orc knight!!
The orc knight looks as sick as possible!
Your headbutt misses the orc knight.
The orc knight is heavily wounded.
You thrash the orc knight!!
The orc knight looks as sick as possible!
You headbutt the orc knight!
You feel the power of Trog in you as your rage grows.
You kill the orc knight!
Trog accepts your kill.
The orc knight hits you with a +0 bardiche!!
You thrash the orc knight!! Your headbutt misses the orc knight.
The orc knight is moderately wounded.
The orc sorcerer gestures at you while chanting.
You suddenly lose the ability to move!
The orc knight hits you with a +0 bardiche!!
The orc knight hits you with a +0 bardiche!
The orc knight hits you with a +0 bardiche!
The orc sorcerer gestures at you while chanting.
The bolt of fire hits you. You resist.
The orc knight hits you with a +0 bardiche!
The orc sorcerer casts a spell at you. The bolt of negative energy hits you!!
You feel drained.
* * * LOW HITPOINT WARNING * * *
You are no longer berserk.
You feel yourself slow down.
The orc knight roars a battlecry!
The orc sorcerer goes into a battle-frenzy!
The orc knight hits you with a +0 bardiche!!!
You die...

.....>.....$....
.................
................#.
##.#<............#
#............#....
#....o..[)......#
##.......<[......#
##.#.....[.[.......
.........@[........
.......)..o........
...................
.#........#........
......§§§§.......#.
#..#≈§§§...#....##
#. #≈≈§§§§......# #
#≈.≈≈...$....#
#.≈§≈o....#...#


You could see an orc knight (strong) and an orc sorcerer (strong).

Vanquished Creatures
  Rupert (Lair:3)
  An ettin (Orc:1)
  Harold (D:8)
  Erolcha (D:11)
  3 boulder beetles
  A catoblepas (Lair:4)
  8 hydras
  An ogre mage (Orc:2)
  A two-headed ogre (D:11)
  3 death yaks (D:10)
  2 orc high priests
  Nergalle (Lair:1)
  A phantasmal warrior (D:12)
  Pikel (D:7)
  7 orc knights
  A wolf spider zombie (D:10)
  2 ugly things
  A cyclops (D:11)
  A manticore (D:12)
  4 black mambas
  4 elephants (Lair:2)
  A torpor snail (Lair:2)
  Maggie (D:6)
  14 cane toads
  2 unseen horrors
  5 komodo dragons
  A redback zombie (D:10)
  2 hellwings
  4 trolls
  A harpy zombie (D:10)
  2 hornets
  2 polar bears
  Prince Ribbit (D:8)
  5 dream sheep
  14 yaks
  A spriggan (Lair:5)
  3 wyverns
  A fire elemental (Lair:5)
  2 fire bats (Lair:5)
  A wraith (D:12)
  Grum (Lair:1)
  3 basilisks
  Menkaure (D:4)
  A steam dragon (D:9)
  2 wargs (Orc:1)
  4 acid dragons
  4 nagas (Lair:4)
  9 orc warriors
  9 water moccasins
  Duvessa (D:7)
  A black bear (D:5)
  A sky beast (D:4)
  2 hornet zombies (D:10)
  A necrophage (D:6)
  2 ice beasts
  2 ogres
  14 wolves
  5 centaurs
  A kobold brigand (D:5)
  2 scorpions (D:5)
  11 bullfrogs
  Dowan (D:7)
  A water moccasin skeleton (D:5)
  14 killer bees
  13 wights
  A howler monkey (D:4)
  3 electric eels
  A lava snake (D:10)
  6 centaur zombies
  A bullfrog zombie (D:6)
  A hound (D:4)
  A jelly (D:7)
  7 orc priests
  2 centaur skeletons
  A gnoll shaman (D:7)
  An iguana (D:5)
  9 orc wizards
  20 hell rats
  A hound skeleton (D:4)
  A howler monkey zombie (D:10)
  A mummy (D:11)
  12 gnolls
  4 adders
  2 river rats (D:10)
  4 shadow imps
  A white imp (D:6)
  An ufetubus (D:6)
  3 worms
  43 orcs
  9 endoplasms
  3 giant cockroaches
  3 goblins
  7 hobgoblins
  23 kobolds
  4 quokkas
  5 ball pythons
  9 bats
  3 frilled lizards (D:1)
  A rat (D:1)
409 creatures vanquished.

Vanquished Creatures (collateral kills)
  An orc warrior (D:8)
  3 orcs
4 creatures vanquished.

Vanquished Creatures (others)
  8 fungi
  41 plants
  12 withered plants (D:10)
61 creatures vanquished.

Grand Total: 474 creatures vanquished

Notes
Turn   | Place    | Note
-------+----------+-------------------------------------------
     0 | D:1      | Urokeeper the Minotaur Berserker began the quest for the
                  | Orb.
     0 | D:1      | Reached XP level 1. HP: 19/19 MP: 0/0
   273 | D:1      | Found a faded altar of an unknown god.
   301 | D:1      | Reached XP level 2. HP: 23/26 MP: 1/1
   759 | D:1      | Reached skill level 5 in Axes
   939 | D:2      | Reached XP level 3. HP: 24/31 MP: 2/2
  1065 | D:2      | Found a blossoming altar of Fedhas.
  1326 | D:2      | Found Fareur's Weapon Shop.
  1864 | D:3      | Reached skill level 1 in Maces & Flails
  1923 | D:3      | Reached ** piety under Trog
  2076 | D:3      | Reached skill level 2 in Maces & Flails
  2419 | D:3      | Reached XP level 4. HP: 39/39 MP: 3/3
  2613 | D:4      | Reached skill level 3 in Maces & Flails
  2663 | D:4      | Noticed a sky beast
  2672 | D:4      | Killed a sky beast
  2673 | D:4      | Reached skill level 5 in Maces & Flails
  2673 | D:4      | Reached XP level 5. HP: 44/45 MP: 4/4
  2822 | D:4      | Reached XP level 6. HP: 27/51 MP: 5/5
  2877 | D:4      | Reached skill level 6 in Maces & Flails
  3521 | D:4      | Noticed Menkaure
  3522 | D:4      | Killed Menkaure
  3523 | D:4      | Reached skill level 7 in Maces & Flails
  3684 | D:5      | Entered Level 5 of the Dungeon
  3771 | D:5      | Reached skill level 8 in Maces & Flails
  3771 | D:5      | Reached XP level 7. HP: 45/57 MP: 6/6
  3931 | D:5      | Reached skill level 9 in Maces & Flails
  4032 | D:5      | Found a transporter.
  4033 | D:5      | Noticed horus123's ghost (novice HuGl)
  4044 | D:5      | Found a transporter.
  4483 | D:5      | Reached *** piety under Trog
  4490 | D:5      | Reached skill level 10 in Maces & Flails
  4667 | D:5      | Reached XP level 8. HP: 31/64 MP: 7/7
  5299 | D:6      | Found a staircase to the Ecumenical Temple.
  5303 | D:6      | Noticed Maggie
  5338 | D:6      | Killed Maggie
  5339 | D:6      | Reached skill level 11 in Maces & Flails
  5348 | D:6      | Reached skill level 12 in Maces & Flails
  6310 | D:7      | Noticed Duvessa
  6326 | D:7      | Noticed Dowan
  6336 | D:7      | Killed Duvessa
  6337 | D:7      | Reached XP level 9. HP: 70/70 MP: 8/8
  6340 | D:7      | Killed Dowan
  6341 | D:7      | Reached skill level 13 in Maces & Flails
  6731 | D:7      | You fall into a shaft and drop 2 floors!
  6748 | D:8      | Noticed Prince Ribbit
  6764 | D:8      | Killed Prince Ribbit
  6890 | D:8      | Reached skill level 14 in Maces & Flails
  7059 | D:8      | Noticed Harold
  7123 | D:7      | Noticed Pikel
  7127 | D:7      | Paralysed by Pikel for 2 turns
  7134 | D:7      | Killed Pikel
  7683 | D:8      | Killed Harold
  7684 | D:8      | Reached skill level 15 in Maces & Flails
  7977 | D:8      | Reached XP level 10. HP: 75/77 MP: 9/9
  8120 | D:8      | Reached **** piety under Trog
  8396 | D:8      | Reached skill level 16 in Maces & Flails
  8838 | D:8      | Found Kiownulu's Magic Scroll Shoppe.
  9585 | D:9      | Noticed a boulder beetle
  9602 | D:9      | Killed a boulder beetle
  9603 | D:9      | Reached skill level 17 in Maces & Flails
 10069 | D:9      | Found an opulent altar of Gozag.
 10469 | D:2      | Bought a +3 demon whip of venom for 385 gold pieces
 10651 | D:10     | Entered Level 10 of the Dungeon
 10675 | D:9      | Reached skill level 5 in Fighting
 10961 | D:10     | Reached skill level 1 in Shields
 10961 | D:10     | Reached XP level 11. HP: 45/86 MP: 10/10
 11213 | D:10     | Noticed a death yak
 11228 | D:10     | Killed a death yak
 11332 | D:10     | Reached skill level 5 in Armour
 11341 | D:10     | Found a staircase to the Lair.
 11341 | D:10     | Noticed a death yak
 11360 | D:10     | Killed a death yak
 11613 | D:10     | Noticed a death yak
 11643 | D:10     | Killed a death yak
 12792 | D:11     | Noticed an eight-headed hydra
 12800 | D:11     | Killed an eight-headed hydra
 12801 | D:11     | Reached skill level 5 in Dodging
 12801 | D:11     | Reached skill level 5 in Shields
 12893 | D:11     | Found a snail-covered altar of Cheibriados.
 12898 | D:11     | Reached ***** piety under Trog
 12921 | D:11     | Found Echukk's Jewellery Emporium.
 12923 | D:11     | Noticed a boulder beetle
 12940 | D:11     | Killed a boulder beetle
 13368 | D:11     | Noticed a two-headed ogre
 13392 | D:11     | Killed a two-headed ogre
 13393 | D:11     | Reached XP level 12. HP: 60/101 MP: 11/11
 13958 | D:11     | You fall into a shaft and drop 1 floor!
 14408 | D:11     | Noticed Erolcha
 14415 | D:11     | Killed Erolcha
 15310 | D:12     | Identified the +0 leather armour of the Northern Lights
                  | {rN++ Str-4 SInv Stlth+}
 15621 | D:12     | Found a staircase to the Orcish Mines.
 15746 | D:13     | Noticed a boulder beetle
 15762 | D:13     | Killed a boulder beetle
 15820 | D:13     | Noticed a death knight
 16074 | Lair:1   | Entered Level 1 of the Lair of Beasts
 16132 | Lair:1   | Noticed Nergalle
 16138 | Lair:1   | Killed Nergalle
 16235 | Lair:1   | Received a gift from Trog
 16243 | Lair:1   | Reached skill level 18 in Maces & Flails
 16764 | Lair:1   | Noticed Grum
 16788 | Lair:1   | Killed Grum
 17268 | Lair:2   | Noticed a four-headed hydra
 17277 | Lair:2   | Killed a four-headed hydra
 17454 | Lair:2   | Reached skill level 10 in Fighting
 17569 | Lair:2   | Noticed a four-headed hydra
 17574 | Lair:2   | Killed a four-headed hydra
 17706 | Lair:2   | Reached XP level 13. HP: 82/113 MP: 12/12
 17918 | Lair:2   | Found a staircase to the Shoals.
 18079 | Lair:2   | Reached skill level 10 in Armour
 18712 | Lair:3   | Found a hazy altar of Hepliaklqana.
 19194 | Lair:3   | Noticed Rupert
 19194 | Lair:3   | Paralysed by Rupert for 5 turns
 19213 | Lair:3   | Killed Rupert
 20119 | Lair:4   | Found a staircase to the Snake Pit.
 20415 | Lair:4   | Reached skill level 10 in Shields
 21496 | Lair:5   | Identified the +3 halberd of Neurosis {vorpal, rCorr} (Trog
                  | gifted it to you on level 5 of the Lair of Beasts)
 21496 | Lair:5   | Received a gift from Trog
 21706 | Lair:5   | Found a radiant altar of Vehumet.
 22692 | D:11     | Bought the amulet "Gimionk" {Faith rElec Str+4} for 686
                  | gold pieces
 22965 | Orc:1    | Entered Level 1 of the Orcish Mines
 23098 | Orc:2    | Entered Level 2 of the Orcish Mines
 23098 | Orc:2    | Found a staircase to the Elven Halls.
 23194 | Orc:1    | Reached XP level 14. HP: 125/125 MP: 13/13
 23313 | Orc:2    | Paralysed by an ogre mage for 3 turns
 23824 | Orc:2    | Found Vykkuts's Jewellery Shoppe.
 24468 | Orc:2    | Paralysed by an orc sorcerer for 6 turns
 24474 | Orc:2    | Slain by an orc knight

Illustrated notes

Levels and vault maps discovered:
D:1:      psy_arrival_whirlpool, layout_loops_ring,
          ebering_ecumenical_altar_petrified, minmay_misc_feat_nine_boxes
D:2:      layout_basic, serial_shops, nicolae_shop_window_shopping, basic_altar
D:3:      layout_loops_ring, grunt_ministairs_2
D:4:      layout_basic, kennysheep_generic_room_10, uniq_menkaure
D:5:      kennysheep_kobold_camp, layout_loops_ring, gammafunk_ghost_arena,
          corexii_item_surrounded_by_moat, kennysheep_nub
D:6:      layout_basic, minmay_temple_entry_stoned_glass,
          minmay_stone_trees_medium, uniq_maggie
D:7:      layout_cave_pools, enter_ossuary_5, uniq_pikel, uniq_duvessa
D:8:      layout_basic, serial_shops, nicolae_shop_behind_doors, special_room
          [special_room_orc], uniq_prince_ribbit1, uniq_harold
D:9:      layout_long_grid, kennysheep_mini, minmay_circle_x
D:10:     cheibrodos_grave_circle, layout_cave_pods, dpeg_lair_monsters,
          grunt_decor_cap, minmay_misc_feat_tower, kennysheep_generic_room_5
D:11:     layout_grid_maze, serial_shops, nicolae_stop_n_shop_2, slow_altar_1,
          uniq_erolcha
D:12:     layout_basic, orc_0_dummy
D:13:     cheibrodos_ideogram_h, layout_irregular_city, uniq_maurice, uniq_kirke
Lair:1:   layout_roguey, beast_lair_carwin_11, lemuel_fruit_fields, uniq_grum,
          uniq_nergalle
Lair:2:   layout_cave_pods, minmay_shoals_entry_centaurs, lemuel_fruit_tree
Lair:3:   layout_cave_pods, basic_altar, uniq_rupert
Lair:4:   layout_roguey, guppyfry_snake_entry_garden, serial_bayou_shore_a
Lair:5:   layout_gridlike, basic_altar, grunt_forest_large_clearing_hut
Orc:1:    layout_caves, mines2_david
Orc:2:    grunt_orc_tribal_feast, layout_caves, special_room,
          minmay_shop_enchanted_jewellery, guppyfry_orc_lava_fort

Skill      XL: |  1  2  3  4  5  6  7  8  9 10 11 12 13 14 |
---------------+-------------------------------------------+-----
Axes           | 4 5 |  5.2
Maces & Flails | 2 5 8 10 12 15 17 18 | 18.6
Fighting       | 5 8 10 11 12 | 12.2
Armour         | 4 7 9 11 | 11.9
Dodging        | 3 5 6 8 |  8.2
Shields        | 1 6 8 10 11 | 11.2

Action                   |  1- 3 |  4- 6 |  7- 9 | 10-12 | 13-15 || total
-------------------------+-------+-------+-------+-------+-------++-------
Melee: Hand axe          |   124 |    54 |       |       |       ||   178
       Headbutt          |    17 |    13 |    45 |   124 |    97 ||   296
       Flail             |       |    18 |   138 |       |       ||   156
       Mace              |       |       |    77 |       |       ||    77
       Morningstar       |       |       |    25 |   153 |       ||   178
       Demon whip        |       |       |       |   446 |   371 ||   817
Invok: Berserk           |       |     1 |     5 |    12 |     7 ||    25
       Trog's Hand       |       |       |     3 |     6 |     1 ||    10
       Brothers in Arms  |       |       |       |     2 |     1 ||     3
Evoke: Phantom mirror    |       |       |       |       |     1 ||     1
  Use: Scroll            |     6 |     3 |     3 |     5 |     6 ||    23
       Potion            |       |       |     1 |     1 |       ||     2
 Stab: Distracted        |       |       |       |     1 |       ||     1
Armor: Animal skin       |     7 |       |       |       |       ||     7
       Scale mail        |    36 |    34 |       |       |       ||    70
       Ring mail         |       |     6 |   106 |    21 |       ||   133
       Plate armour      |       |       |       |   210 |   158 ||   368
Dodge: Dodged            |    65 |    49 |   129 |   194 |   112 ||   549
Block: Buckler           |       |       |       |    45 |       ||    45
       Kite shield       |       |       |       |    76 |   195 ||   271
